 Dungeon Crawl Stone Soup version 0.28-a0-803-g74956062c1 (webtiles) character file.

Game seed: 1642821357720050059

4479 Decritt the Cleaver (level 10, 0/91 HPs)
             Began as a Deep Dwarf Fighter on Nov 7, 2021.
             Was an Initiate of the Shining One.
             Slain by a howler monkey (4 damage)
             ... on level 9 of the Dungeon.
             The game lasted 00:39:54 (8703 turns).

Decritt the Cleaver (Deep Dwarf Fighter)            Turns: 8703, Time: 00:39:54

Health: 0/91       AC: 15    Str: 22    XL:     10   Next: 15%
Magic:  2/2        EV: 10    Int: 10    God:    the Shining One [......]
Gold:   373        SH:  8    Dex: 12    Spells: 9/9 levels left

rFire   . . .      SeeInvis .   d - +3 morningstar (vorpal)
rCold   . . .      Faith    .   p - +3 buckler
rNeg    . . .      Spirit   .   s - +0 chain mail
rPois   .          Reflect  .   (no helmet)
rElec   .          Harm     .   w - +0 cloak
rCorr   .          Rampage  .   c - +0 pair of gloves
Will    +....                   z - +1 pair of boots
Stlth   ..........              e - amulet of magic regeneration
HPRegen 0.00/turn               v - ring of wizardry
MPRegen 0.33/turn               (no ring)

@: lethally poisoned (0 -> 0), glowing
A: damage resistance, heal wounds, sense surroundings 2, no regeneration
a: Heal Wounds, Renounce Religion


You were on level 9 of the Dungeon.
You worshipped the Shining One.
The Shining One was noncommittal.
You visited 2 branches of the dungeon, and saw 10 of its levels.

You collected 373 gold pieces.

Inventory:

Hand Weapons
 a - a +0 war axe
 d - a +3 vorpal morningstar (weapon)
 A - the +7 hand axe of Moderation {pain, Dex+4 SInv}
   (You found it on level 8 of the Dungeon)

   In the hands of one skilled in necromantic magic, it inflicts extra damage on
   living creatures.
   Dex:       It affects your dexterity (+4).
   SInv:      It lets you see invisible.
   The Shining One disapproves of the use of such an item.
Missiles
 g - a curare-tipped dart
 i - 6 boomerangs (quivered)
 k - 62 poisoned darts
 n - 2 throwing nets
Armour
 b - a +1 scale mail
 c - a +0 pair of gloves (worn)
 p - a +3 buckler (worn)
 s - a +0 chain mail (worn)
 w - a +0 cloak (worn)
 z - a +1 pair of boots (worn)
Jewellery
 e - an amulet of magic regeneration (around neck)
 r - an amulet of guardian spirit
 v - a ring of wizardry (left hand)
Wands
 l - a wand of polymorph (6)
 t - a wand of digging (1)
 y - a wand of flame (28)
Scrolls
 f - 4 scrolls of fog
 q - a scroll of teleportation
Potions
 h - 2 potions of heal wounds {unknown}
 j - 3 potions of cancellation
 m - a potion of brilliance {unknown}
 o - 2 potions of flight {unknown}
 u - 2 potions of ambrosia {unknown}
 x - a potion of attraction {unknown}


   Skills:
 + Level 6.2 Fighting
 - Level 10.4 Axes
 + Level 0.9(6.0) Maces & Flails
 + Level 7.0 Armour
 + Level 5.9 Dodging
 + Level 6.9 Shields
 * Level 1.3 Invocations


You had 9 spell levels left.
You didn't know any spells.
Your spell library contained the following spells:

 Spells                   Type           Power      Damage    Failure   Level
 Stone Arrow              Conj/Erth      0%         3d7       95%         3
 Animate Armour           Summ/Erth      0%         N/A       100%        4
 Blade Hands              Tmut           0%         N/A       100%        5
 Iron Shot                Conj/Erth      0%         9d1       100%        6
 Lehudib's Crystal Spear  Conj/Erth      0%         10d2      100%        8


Dungeon Overview and Level Annotations

Branches:
Dungeon (9/15)             Temple (1/1) D:4
   Lair: D:8-11         Orc: D:9-12

Altars:
Ashenzari
Dithmenos
Gozag
Hepliaklqana
Kikubaaqudgha
Makhleb
Nemelex Xobeh
Okawaru
Qazlal
Ru
Sif Muna
Trog
Uskayaw
Vehumet
Wu Jian
Xom
Yredelemnul
Zin
The Shining One
Jiyva

Annotations:
D:9 Gastronok


Innate Abilities, Weirdness & Mutations

You are resistant to damage.
You can heal yourself by infusing magical energy.
You passively map the area around you.
You do not regenerate.


Message History

The howler monkey hits you but does no damage.
The howler monkey hoots and howls with incredible vigour!
You block the black mamba's attack.
You hear a shout!
You hit the black mamba.
The black mamba is almost dead.
The black mamba bites you.
* * * LOW HITPOINT WARNING * * *
You are poisoned.
The black mamba poisons you! The howler monkey closely misses you.
The black mamba bites you.
You are more poisoned.
The black mamba poisons you!
An orc comes into view. It is wielding a +0 club.
You completely miss the black mamba.
The black mamba is almost dead.
You feel extremely sick. You block the black mamba's attack.
You block the howler monkey's attack. The black mamba bites you.
* * * LOW HITPOINT WARNING * * *
The howler monkey barely misses you.
You miss the black mamba.
The black mamba is almost dead.
You feel extremely sick. You block the black mamba's attack.
The black mamba bites you but does no damage.
The howler monkey hits you.
* * * LOW HITPOINT WARNING * * *
You block the orc's attack.
You closely miss the black mamba.
The black mamba is almost dead.
You feel sick. The black mamba bites you!
* * * LOW HITPOINT WARNING * * *
The howler monkey hits you.
* * * LOW HITPOINT WARNING * * *
The black mamba bites you but does no damage.
The howler monkey hoots and howls with incredible vigour!
The orc hits you but does no damage. You block the black mamba's attack.
The howler monkey hits you.
You die...

#..............,,
,
#..............,
, #<†....[.......
,* ,,
#..._.......... ,
#......#.....<. ,
##.....#......#
,, ##.###ho.#* **
, #...hS### ***
** ####@## *, ,
#.o# * #.## * #.
, ** ## **


You could see a black mamba, 2 howler monkeys and 2 orcs.

Vanquished Creatures
  Erica (D:8)
  Maggie (D:7)
  A gargoyle (D:8)
  A wyvern (D:9)
  Menkaure (D:6)
  A water moccasin (D:6)
  2 black bears
  Duvessa (D:6)
  An ice beast (D:5)
  4 ogres
  3 necrophages
  A phantom (D:5)
  3 bullfrogs (D:8)
  A kobold brigand (D:6)
  4 scorpions
  Dowan (D:6)
  4 killer bees (D:6)
  A centaur zombie (D:8)
  5 hounds
  5 jellies
  Crazy Yiuf (D:6)
  3 bullfrog skeletons
  An orc priest (D:7)
  2 centaur skeletons
  5 iguanas
  7 orc wizards
  A killer bee zombie (D:7)
  A hound zombie (D:5)
  2 hound skeletons (D:4)
  10 gnolls
  A howler monkey skeleton (D:5)
  8 adders
  A shadow imp (D:6)
  An adder zombie (D:5)
  A worm (D:2)
  An adder skeleton (D:4)
  3 dart slugs
  13 orcs
  5 bats
  7 endoplasms
  2 giant cockroaches
  4 hobgoblins
  13 jackals
  8 quokkas
  9 ball pythons
  3 frilled lizards (D:3)
  8 goblins
  6 kobolds
  4 rats
173 creatures vanquished.

Notes
Turn   | Place    | Note
-------+----------+-------------------------------------------
     0 | D:1      | Decritt the Deep Dwarf Fighter began the quest for the Orb.
     0 | D:1      | Reached XP level 1. HP: 20/20 MP: 1/1
   146 | D:1      | Reached XP level 2. HP: 20/27 MP: 2/2
   357 | D:1      | Reached skill level 3 in Axes
   680 | D:1      | Reached XP level 3. HP: 29/34 MP: 2/2
  1226 | D:2      | Reached skill level 4 in Axes
  1348 | D:2      | Found a faded altar of an unknown god.
  1350 | D:2      | Reached XP level 4. HP: 21/42 MP: 3/3
  1578 | D:3      | Found a radiant altar of Vehumet.
  2192 | D:4      | Found a stormy altar of Qazlal.
  2222 | D:4      | Found an ornate altar of the Wu Jian Council.
  2240 | D:4      | Noticed a black bear
  2289 | D:4      | Found a shimmering blue altar of Sif Muna.
  2350 | D:4      | Reached XP level 5. HP: 35/50 MP: 4/4
  2382 | D:4      | Noticed an ogre
  2395 | D:4      | Killed an ogre
  2396 | D:4      | Reached skill level 5 in Axes
  2403 | D:4      | Killed a black bear
  2404 | D:4      | Reached skill level 6 in Axes
  2404 | D:4      | Reached XP level 6. HP: 46/57 MP: 5/5
  3108 | D:4      | Found a burning altar of Makhleb.
  3159 | D:4      | Found a shadowy altar of Dithmenos.
  3160 | D:4      | Found a staircase to the Ecumenical Temple.
  3181 | Temple   | Entered the Ecumenical Temple
  3777 | D:5      | Entered Level 5 of the Dungeon
  4056 | D:5      | Reached XP level 7. HP: 31/66 MP: 5/5
  4081 | D:5      | Reached skill level 7 in Axes
  4254 | D:5      | Reached skill level 1 in Dodging
  4340 | D:5      | Reached skill level 8 in Axes
  4667 | D:5      | Found a glowing silver altar of Zin.
  4774 | D:5      | Reached XP level 8. HP: 70/73 MP: 4/4
  4903 | D:5      | Found an opulent altar of Gozag.
  5466 | D:6      | Reached skill level 5 in Armour
  5467 | D:6      | Noticed Menkaure
  5473 | D:6      | Killed Menkaure
  5474 | D:6      | Reached skill level 9 in Axes
  5474 | D:6      | Reached skill level 5 in Shields
  5577 | D:6      | Noticed Dowan
  5581 | D:6      | Noticed Duvessa
  5592 | D:6      | Killed Dowan
  5636 | D:6      | Found a hazy altar of Hepliaklqana.
  5654 | D:6      | Reached skill level 5 in Fighting
  5654 | D:6      | Gained mutation: You passively map the area around you.
                  | [Deep Dwarf growth]
  5654 | D:6      | Reached XP level 9. HP: 40/81 MP: 4/4
  5718 | D:6      | Killed Duvessa
  5867 | D:6      | Found an iron altar of Okawaru.
  6200 | D:6      | Found a runed translucent door.
  6201 | D:6      | Noticed Crazy Yiuf
  6207 | D:6      | Killed Crazy Yiuf
  6461 | D:7      | Noticed Maggie
  6485 | D:7      | Reached skill level 10 in Axes
  6503 | D:7      | Killed Maggie
  7212 | D:8      | Identified the +7 hand axe of Moderation {pain, Dex+4 SInv}
  7258 | D:8      | Noticed Erica
  7284 | D:8      | Killed Erica
  7285 | D:8      | Reached skill level 5 in Dodging
  7313 | D:8      | Noticed a gargoyle
  7545 | D:8      | Killed a gargoyle
  7546 | D:8      | Reached XP level 10. HP: 51/91 MP: 4/4
  8344 | Temple   | Became a worshipper of the Shining One
  8547 | D:9      | Noticed Gastronok
  8578 | D:9      | The Shining One protects you from harm!
  8662 | D:9      | Found a viscous altar of Jiyva.
  8674 | D:9      | Reached skill level 1 in Invocations
  8689 | D:9      | Noticed a black mamba
  8703 | D:9      | HP: 4/91 [howler monkey (4)]
  8703 | D:9      | Slain by a howler monkey

Illustrated notes

Levels and vault maps discovered:
D:1:      dpeg_chamrin_arrival_tetris, layout_basic
D:2:      layout_basic, basic_ecumenical_altar, serial_glass, glass_columns_a,
          glass_columns_b
D:3:      layout_rooms, nicolae_vehumet_radiance
D:4:      layout_rooms, amcnicky_altar_gilded, grunt_qazlal_sundering,
          led_sif_book, nicolae_dithmenos_through_a_glass_darkly,
          mainiacjoe_overflow_small_starburst, minmay_temple_entry_tees
D:5:      cheibrodos_barr_body, layout_basic,
          pdpol_temple_overflow_zin_treasury_gozag_greed
D:6:      layout_loops_ring, overflow_temple_1_default, okawaru_trees_1,
          grunt_decor_arrowhead, chequers_serial_rivers_micro_c, uniq_menkaure,
          uniq_crazy_yiuf_cottage, uniq_duvessa
D:7:      layout_loops_ring, serial_rivers, chequers_serial_rivers_room_b,
          chequers_serial_rivers_micro_a, chequers_serial_rivers_marsh,
          chequers_serial_rivers_small_3, chequers_serial_rivers_micro_a,
          uniq_maggie
D:8:      layout_gridville, uniq_erica
D:9:      layout_rooms, kennysheep_slug_shrine, grunt_lair_entry_orc_guard_hut,
          serial_shops, shop, jiyva_altar_1, uniq_gastronok, uniq_psyche
Temple:   jpeg_temple_island

Skill      XL: |  1  2  3  4  5  6  7  8  9 10 |
---------------+-------------------------------+-----
Axes           | 3 4 6 8 9 10 | 10.4
Fighting       | 3 4 5 6 |  6.2
Dodging        | 2 4 5 |  5.9
Armour         | 4 5 6 7 |  7.0
Shields        | 4 5 6 |  6.9
Invocations    | 1 |  1.3
Maces & Flails | |  0.9

Action                   |  1- 3 |  4- 6 |  7- 9 | 10-12 || total
-------------------------+-------+-------+-------+-------++-------
Melee: War axe           |   108 |   151 |   302 |       ||   561
       Hand axe          |       |       |    32 |    10 ||    42
       Morningstar       |       |       |    15 |    42 ||    57
Throw: Stone             |    44 |    19 |       |       ||    63
       Dart              |       |    60 |    59 |       ||   119
       Boomerang         |       |       |       |    23 ||    23
 Abil: Heal Wounds       |     1 |     5 |    17 |     7 ||    30
Evoke: Wand              |       |       |    26 |       ||    26
  Use: Scroll            |     1 |     9 |     5 |     1 ||    16
       Potion            |       |     1 |     4 |       ||     5
Armor: Scale mail        |    63 |    76 |    15 |       ||   154
       Chain mail        |       |       |    89 |    60 ||   149
Dodge: Dodged            |    42 |    76 |   113 |    85 ||   316
Block: Buckler           |    25 |    35 |   109 |    60 ||   229

Table legend: (Time is in decaauts)
 A = Elapsed time spent in this place.
 B = Non-inter-level travel time spent in this place.
 C = Inter-level travel time spent in this place.
 D = Time resting spent in this place.
 E = Time spent auto-exploring this place.
 F = Levels seen in this place.
 G = Mean time per level.
                   A        B        C        D        E       F      G
               +--------+--------+--------+--------+--------+-----+--------+
         Total |   8913 |   8408 |    505 |   1241 |   4240 |  10 |  891.3 |
       Dungeon |   8559 |   8103 |    456 |   1241 |   3982 |   9 |  951.0 |
        Temple |    354 |    306 |     48 |      0 |    258 |   1 |  354.0 |
               +--------+--------+--------+--------+--------+-----+--------+

Top non-repeatable levels by time:
     D:4: 1565 daAuts
     D:5: 1511 daAuts
     D:6: 1113 daAuts
     D:7: 1031 daAuts
     D:8: 929 daAuts
     D:1: 801 daAuts
     D:2: 776 daAuts
     D:3: 705 daAuts
  Temple: 354 daAuts
     D:9: 123 daAuts
